 Dungeon Crawl Stone Soup version 0.22.1-2-g9c5b331 (webtiles) character file.

389 dvd the Chopper (level 6, -4/56 HPs)
             Began as a Minotaur Chaos Knight on Dec 6, 2018.
             Slain by a sixfirhy (11 damage)
             ... summoned by Xom
             ... on level 4 of the Dungeon.
             The game lasted 00:07:13 (3592 turns).

dvd the Chopper (Minotaur Chaos Knight)             Turns: 3592, Time: 00:07:14

Health: -4/56      AC: 13    Str: 16    XL:     6   Next: 49%
Magic:  5/5        EV:  7    Int:  9    God:    Xom [......]
Gold:   213        SH:  0    Dex: 12    Spells: 5/5 levels left

rFire    . . .     SeeInvis .   a - +0 hand axe (chaos)
rCold    . . .     Gourm    .   (no shield)
rNeg     . . .     Faith    .   j - +4 chain mail
rPois    +         Spirit   .   (helmet restricted)
rElec    .         Reflect  .   B - scarf {cloud immunity}
rCorr    .         Harm     .   (no gloves)
MR       .....                  (no boots)
Stlth    ..........             u - amulet of magic regeneration
HPRegen  0.18/turn              f - ring of poison resistance
MPRegen  0.34/turn              (no ring)

@: no status effects
A: retaliatory headbutt, horns 2
a: Renounce Religion


You were on level 4 of the Dungeon.
You worshipped Xom.
You were a very special plaything of Xom.
You were not hungry.

You visited 1 branch of the dungeon, and saw 4 of its levels.

You collected 213 gold pieces.

Inventory:

Hand Weapons
 a - a +0 hand axe of chaos (weapon)
 p - a +0 war axe
 w - a cursed -1 spear
Missiles
 m - 3 tomahawks (quivered)
 q - 2 javelins
 v - 4 tomahawks of returning
Armour
 j - a +4 chain mail (worn)
 y - a +2 ring mail of magic resistance
 B - a scarf of cloud immunity (worn)
Jewellery
 f - a ring of poison resistance (left hand)
 u - an amulet of magic regeneration (around neck)
Wands
 x - a wand of digging (6)
Scrolls
 e - 2 scrolls of enchant armour
 g - 2 scrolls of identify
 k - a scroll of enchant weapon {unknown}
 l - 4 scrolls of teleportation
 n - a scroll of fear {unknown}
 o - a scroll of magic mapping {unknown}
 r - 2 scrolls of remove curse
 t - a scroll of blinking {unknown}
Potions
 b - 4 potions of curing {unknown}
 d - 2 potions of haste {unknown}
 h - a potion of magic {unknown}
 i - a potion of invisibility
 s - a potion of degeneration {unknown}
 z - a potion of heal wounds {unknown}
Comestibles
 c - 9 rations


   Skills:
 + Level 5.1 Fighting
 + Level 6.4 Axes
 + Level 3.9 Armour
 + Level 2.5 Dodging
 + Level 1.3 Stealth


You had 5 spell levels left.
You didn't know any spells.
Your spell library contained the following spells:

 Spells                   Type           Power        Failure   Level  Hunger
 Animate Skeleton         Necr           N/A          100%        1    ##.....
 Pain                     Necr           #...         100%        1    ##.....
 Regeneration             Chrm/Necr      #.........   100%        3    ####...
 Vampiric Draining        Necr           #.........   100%        3    ####...
 Animate Dead             Necr           N/A          100%        4    #####..


Dungeon Overview and Level Annotations

Branches:
Dungeon (4/15)
 Temple: D:4-7

Altars:
Fedhas
Makhleb
Okawaru
Qazlal
Xom

Shops:
D:4 :

Annotations:
D:4 Eustachio


Innate Abilities, Weirdness & Mutations

You reflexively headbutt those who attack you in melee.
You have a pair of horns on your head.


Message History

The howler monkey skeleton is severely damaged.
The howler monkey skeleton hits you but does no damage.
You hit the howler monkey skeleton.
The howler monkey skeleton seems to slow down.
You headbutt the howler monkey skeleton.
You destroy the howler monkey skeleton!
Found a stone staircase leading up.
Eating a chunk of flesh.
You eat the chunk of flesh.
This raw flesh tastes terrible. "Fight to survive, mortal."
The sixfirhy hits you. The sixfirhy shocks you! The sixfirhy hits you.
The sixfirhy shocks you!
The sixfirhy hits you but does no damage.
The sixfirhy hits you. The sixfirhy shocks you!
* * * LOW HITPOINT WARNING * * *
The sixfirhy hits you but does no damage.
The sixfirhy hits you.
* * * LOW HITPOINT WARNING * * *
The sixfirhy shocks you!
You die...

#.# #.##.# #.# #.##.# ##
#.#######.##.######## .#
#.##......##.#......# .#
#.##.#######.#.####.# .#
#.##.# #5##.#.# #.# .#
#)##.# #....#.# #.# .#
#5##.# #5####.# #.#
####.##<# #5..3@.# #.#
..##.#################.#
#.##...................#
#.######################
..........[.>#
#.##########.# ..# #.#
..# ######.#
.######....#.#


You could see a sixfirhy, a crimson imp and a shadow imp.

Vanquished Creatures
  An ogre (D:4)
  An orc priest (D:3)
  An orc wizard (D:3)
  A centaur skeleton (D:3)
  Ijyb (D:4)
  Natasha (D:2)
  Robin (D:2)
  A howler monkey skeleton (D:4)
  3 gnolls (D:4)
  3 adders
  An adder skeleton (D:4)
  A worm (D:3)
  A dart slug (D:2)
  2 leopard geckos
  11 orcs
  7 giant cockroaches
  19 goblins
  10 hobgoblins
  2 quokkas
  3 ball pythons
  A bat (D:1)
  2 frilled lizards
  2 kobolds
  A quokka skeleton (D:4)
  6 rats
83 creatures vanquished.

Notes
Turn   | Place    | Note
-------+----------+-------------------------------------------
     0 | D:1      | dvd the Minotaur Chaos Knight began the quest for the Orb.
     0 | D:1      | Reached XP level 1. HP: 19/19 MP: 0/0
    62 | D:1      | Reached XP level 2. HP: 24/27 MP: 1/1
   130 | D:1      | XOM: divination: detect items
   150 | D:1      | Reached skill level 4 in Axes
   313 | D:1      | XOM: harmless Ice miscast
   642 | D:2      | XOM: stealth player
   700 | D:2      | XOM: scenery: create altars
   754 | D:2      | XOM: noise
  1107 | D:2      | Noticed Robin
  1114 | D:2      | Reached XP level 3. HP: 22/34 MP: 2/2
  1117 | D:2      | Killed Robin
  1225 | D:2      | Found a faded altar of an unknown god.
  1225 | D:2      | Found a faded altar of an unknown god.
  1231 | D:2      | Found a blossoming altar of Fedhas.
  1233 | D:2      | Found a burning altar of Makhleb.
  1234 | D:2      | Found a stormy altar of Qazlal.
  1708 | D:2      | Noticed Natasha
  1717 | D:2      | Killed Natasha
  1717 | D:2      | Reached XP level 4. HP: 24/41 MP: 3/3
  1824 | D:3      | XOM: enchant monster (bad)
  1960 | D:3      | XOM: harmless Air miscast
  2088 | D:3      | XOM: scenery: create altars
  2106 | D:3      | Reached skill level 5 in Axes
  2120 | D:3      | Reached XP level 5. HP: 18/47 MP: 4/4
  2329 | D:3      | XOM: summons 2 hostile demons
  2490 | D:3      | Found a faded altar of an unknown god.
  2523 | D:3      | XOM is BORED!
  2753 | D:4      | Found an iron altar of Okawaru.
  2781 | D:4      | Reached skill level 1 in Stealth
  2794 | D:4      | Noticed an ogre
  2794 | D:4      | Noticed Ijyb
  2795 | D:4      | XOM: summons 5 friendly demons
  2800 | D:4      | Killed an ogre
  2800 | D:4      | Reached skill level 5 in Fighting
  2800 | D:4      | Reached skill level 6 in Axes
  2800 | D:4      | Reached XP level 6. HP: 29/56 MP: 5/5
  2806 | D:4      | Killed Ijyb
  3100 | D:4      | XOM: mild Necr miscast
  3195 | D:4      | Noticed Eustachio
  3460 | D:4      | Found Atiakk's Book Shoppe.
  3477 | D:4      | XOM: summons 3 friendly demons
  3587 | D:4      | XOM: summons 3 hostile demons
  3588 | D:4      | Noticed a sixfirhy
  3592 | D:4      | Slain by a sixfirhy

Skill      XL: |  1  2  3  4  5 |
---------------+----------------+-----
Fighting       | 4 5 |  5.1
Axes           | 4 5 6 |  6.4
Dodging        | 2 |  2.5
Armour         | 3 |  3.9
Stealth        | 1 |  1.3

Action                   |  1- 3 |  4- 6 || total
-------------------------+-------+-------++-------
Melee: Hand axe          |    77 |   115 ||   192
       Dagger            |    27 |       ||    27
       Headbutt          |     9 |    20 ||    29
Throw: Tomahawk          |       |     2 ||     2
  Use: Scroll            |     4 |       ||     4
 Stab: Petrifying        |       |     1 ||     1
       Paralysed         |       |     3 ||     3
  Eat: Chunk             |     1 |     8 ||     9
Armor: Leather armour    |    42 |       ||    42
       Chain mail        |     7 |    59 ||    66
Dodge: Dodged            |    64 |    40 ||   104
